 Dungeon Crawl Stone Soup version 0.30-a0-702-gdf48620a09 (webtiles) character file.

Game seed: 2378027852239838664

7 kae the Insei (level 1, -1/15 HPs)
             Began as a Demonspawn Transmuter on Jan 21, 2023.
             Slain by a kobold
             ... wielding a +0 dagger
              (4 damage)
             ... on level 1 of the Dungeon.
             The game lasted 00:00:10 (244 turns).

kae the Insei (Demonspawn Transmuter)                Turns: 244, Time: 00:00:11

Health: -1/15      AC:  2    Str: 10    XL:     1   Next: 83%
Magic:  2/3        EV: 12    Int: 14    God:
Gold:   30         SH:  0    Dex: 13    Spells: 3/4 levels left

rFire   . . .      SeeInvis .      - Unarmed
rCold   . . .      Faith    .    (no shield)
rNeg    . . .      Spirit   .    a - +0 robe
rPois   .          Reflect  .    (helmet currently unavailable)
rElec   .          Harm     .    (no cloak)
rCorr   .          Rampage  .    (no gloves)
Will    .....                    (boots currently unavailable)
Stlth   +                        (no amulet)
HPRegen 0.22/turn                (no ring)
MPRegen 0.08/turn                (no ring)

@: appendages (expiring)
A: horns 2, talons 2
a: End Transformation


You were on level 1 of the Dungeon.
You had temporarily grown beastly horns and talons.
You visited 1 branch of the dungeon, and saw 1 of its levels.

You collected 30 gold pieces.


Innate Abilities, Weirdness & Mutations

You have temporarily grown beastly horns and talons.


   Skills:
 - Level 1.0 Fighting
 - Level 1.7 Dodging
 + Level 2.8 Unarmed Combat
 + Level 2.1 Spellcasting
 * Level 2.1 Transmutations


You had 3 spell levels left.
You knew the following spells:

 Your Spells              Type           Power      Damage    Failure   Level
a - Beastly Appendage     Tmut           14%        N/A       10%         1

Your spell library contained the following spells:

 Spells                   Type           Power      Damage    Failure   Level
 Wereblood                Tmut           7%         N/A       14%         2
 Spider Form              Tmut/Pois      4%         N/A       41%         3
 Ice Form                 Ice/Tmut       4%         N/A       83%         4

Inventory:

Missiles
 c - 10 stones
Armour
 a - a +0 robe (worn)
Jewellery
 R - a ring of resist corrosion
   (You found it on level 1 of the Dungeon)
Scrolls
 d - a scroll of vulnerability {unknown}
 e - a scroll of blinking {unknown}
Potions
 b - a potion of lignification {!q}
 f - a potion of heal wounds {unknown}

Dungeon Overview and Level Annotations

Branches:
Dungeon (1/15) Zot: 5755

Altars:

#..##.#.#..## # ##...#
####.###.#.#..# ##
##.....###.....##..#....# #.
#..)....#..######.#....####.
#.........######.......# #..
#................##....# #..
##.......####..####....# #..
#.......#####.#####....# #..
#.......#gK@...........# #..
...?......###.#####....####.
!......######.# ##....# #.
......# #.....# #.....# ##
..#### #.##### #.....## # .
#######......##
..............#
######......... ##........


You could see a goblin and a kobold.


Message History

Your hp is fully restored (15).
No target in view!
No target in view!
R - a ring of resist corrosion Unknown command.
Found a stone staircase leading down.
You see here a +0 mace.
e - a scroll labelled XURCHU SYNAA A ball python comes into view.
The ball python hisses angrily.
Casting: Beastly Appendage (safe; 11% risk of failure)
Confirm with . or Enter, or press ? or * to list all spells.
You grow a pair of large bovine horns.
Your feet morph into talons.
The ball python misses you. The ball python barely misses you.
The ball python barely misses you. The ball python closely misses you.
A ball python is nearby!
You hit the ball python.
You kill the ball python!
Your Transmutations skill increases to level 2!
No target in view! 😎 MP[-1]
You lost 1 mp, and now have 2/3 mp.
c - 10 stones (gained 4)
Your transformation is almost over.
Your horns disappear.
Your talons disappear.
f - a black potion 😎 MP[+1]
Your mp is fully restored (3).
A kobold and a goblin come into view.
The goblin moves out of view.
Unknown command.
A kobold is nearby!
A kobold is nearby!
A quokka comes into view.
The kobold shouts!
A hobgoblin comes into view.
Casting: Beastly Appendage (safe; 11% risk of failure)
Confirm with . or Enter, or press ? or * to list all spells.
You grow a pair of large bovine horns.
Your feet morph into talons.
The hobgoblin shouts!
A frilled lizard comes into view.
The goblin barely misses you. 😎 MP[-1]
You lost 1 mp, and now have 2/3 mp.
The frilled lizard hisses angrily.
You hit the kobold but do no damage. Your kick misses the kobold.
The goblin closely misses you. The kobold hits you with a +0 dagger.
You closely miss the quokka. The goblin barely misses you.
The kobold hits you with a +0 dagger. The quokka closely misses you. 😕 HP[-2]
You take 2 damage, and now have 13/15 hp.
There are monsters nearby!
You closely miss the quokka. Your punch misses the quokka.
The quokka bites you. The kobold closely misses you.
The goblin hits you but does no damage.
You are too injured to fight recklessly! 😮 HP[-4]
You take 4 damage, and now have 9/15 hp.
MASSIVE DAMAGE!! (PAUSE) Unknown command. 😮 HP[+1]
The quokka bites you.
* * * LOW HITPOINT WARNING * * *
😨 HP[-3]
You take 3 damage, and now have 7/15 hp.
The quokka attacks as you move away! The quokka closely misses you.
Your transformation is almost over.
Casting: Beastly Appendage (safe; 11% risk of failure)
Confirm with . or Enter, or press ? or * to list all spells.
You extend your transformation's duration.
The quokka barely misses you. The quokka bites you.
* * * LOW HITPOINT WARNING * * *
😨 HP[-2] MP[-1]
You take 2 damage, and now have 5/15 hp.
You lost 1 mp, and now have 1/3 mp.
You hit the quokka but do no damage. You claw the quokka. The quokka bites you.
* * * LOW HITPOINT WARNING * * *
The quokka barely misses you. 😨 HP[-1]
You take 1 damage, and now have 4/15 hp.
You are too injured to fight recklessly!
You are too injured to fight recklessly!
You hit the quokka.
You kill the quokka! 😨 MP[+1]
You hit the hobgoblin. The hobgoblin misses you.
You hit the hobgoblin.
You kill the hobgoblin! 😨 HP[+1]
You hit the frilled lizard.
You kill the frilled lizard!
You barely miss the kobold. Your kick misses the kobold.
Your transformation is almost over.
The kobold hits you with a +0 dagger.
* * * LOW HITPOINT WARNING * * *
😱 HP[-2]
You take 2 damage, and now have 3/15 hp.
You barely miss the kobold. The kobold hits you with a +0 dagger.
You die...

Skill      XL: |  1 |
---------------+----+-----
Transmutations | 2 |  2.1
Fighting       | |  1.0
Dodging        | |  1.7
Unarmed Combat | |  2.8
Spellcasting   | |  2.1

Action                   || total
-------------------------++-------
Melee: Unarmed           ||    19
       Kick              ||     1
       Headbutt          ||     1
 Cast: Beastly Appendage ||     5
Armor: Robe              ||     2
Dodge: Dodged            ||    16

Levels and vault maps discovered:
D:1:      dpeg_arrival_concentric_ovals, layout_rooms,
          dreamdust_ecumenical_altar_hidden_monk_grotto

Notes
Turn   | Place    | Note
-------+----------+-------------------------------------------
     0 | D:1      | kae the Demonspawn Transmuter began the quest for the Orb.
     0 | D:1      | Reached XP level 1. HP: 15/15 MP: 3/3
     0 | D:1      | magus.rc [v1.11.3]
   190 | D:1      | Reached skill level 2 in Transmutations
   243 | D:1      | HP: 3/15 [kobold/+0 dagger (2)]
   244 | D:1      | Slain by a kobold

Vanquished Creatures
  A giant cockroach (D:1)
  A hobgoblin (D:1)
  A quokka (D:1)
  2 ball pythons (D:1)
  A bat (D:1)
  A frilled lizard (D:1)
7 creatures vanquished.

Table legend:
 A = Non-vault XP
 B = Vault XP
 C = Vault XP percentage of total XP
 D = Non-vault monster count
 E = Vault monster count
 F = Vault count percentage of total count
                 A         B        C        D         E       F
            +---------+---------+-------+---------+---------+-------
      Total |      10 |       0 |   0.0 |       7 |       0 |   0.0
            +---------+---------+-------+---------+---------+-------
        D:1 |      10 |       0 |   0.0 |       7 |       0 |   0.0
            +---------+---------+-------+---------+---------+-------

Illustrated notes

Table legend:
 A = Kills in this place as a percentage of kills in entire the game.
 B = Kills by you in this place as a percentage of kills by you in the entire game.
 C = Kills by friends in this place as a percentage of kills by friends in the entire game.
 D = Other kills in this place as a percentage of other kills in the entire game.
 E = Experience gained in this place as a percentage of experience gained in the entire game.
 F = Experience gained in this place divided by the number of levels of this place that you have seen.
                   A       B       C       D       E      F
               +-------+-------+-------+-------+-------+----------------------
         Total | 100.0 | 100.0 |   N/A |   N/A | 100.0 |  10.0
       Dungeon | 100.0 | 100.0 |   N/A |   N/A | 100.0 |  10.0
               +-------+-------+-------+-------+-------+----------------------

Table legend: (Time is in decaauts)
 A = Elapsed time spent in this place.
 B = Non-inter-level travel time spent in this place.
 C = Inter-level travel time spent in this place.
 D = Time resting spent in this place.
 E = Time spent auto-exploring this place.
 F = Levels seen in this place.
 G = Mean time per level.
                   A        B        C        D        E       F      G
               +--------+--------+--------+--------+--------+-----+--------+
         Total |    243 |    243 |      0 |      0 |    194 |   1 |  243.0 |
       Dungeon |    243 |    243 |      0 |      0 |    194 |   1 |  243.0 |
               +--------+--------+--------+--------+--------+-----+--------+

Top non-repeatable levels by time:
     D:1: 243 daAuts
